 Dungeon Crawl Stone Soup version 0.30-a0-622-gddc90eaa04 (webtiles) character file.

Game seed: 9647784619205894549

91 hikkokomori the Conjurer (level 4, -1/27 HPs)
             Began as an Octopode Conjurer on Jan 11, 2023.
             Killed from afar by an orc wizard (10 damage)
             ... with a puff of flame
             ... on level 3 of the Dungeon.
             The game lasted 00:01:53 (1730 turns).

hikkokomori the Conjurer (Octopode Conjurer)        Turns: 1730, Time: 00:01:54

Health: -1/27      AC:  1    Str:  6    XL:     4   Next: 57%
Magic:  1/8        EV: 13    Int: 22    God:
Gold:   48         SH:  0    Dex: 10    Spells: 5/8 levels left

rFire   . . .      SeeInvis .    g - +4 dagger (drain)
rCold   . . .      Faith    .    (no shield)
rNeg    . . .      Spirit   .    (helmet restricted)
rPois   .          Reflect  .    (no amulet)
rElec   .          Harm     .    (no ring)
rCorr   .          Rampage  .    (no ring)
Will    .....                    (no ring)
Stlth   ++                       (no ring)
HPRegen 0.24/turn                (no ring)
MPRegen 0.11/turn                (no ring)
                                 (no ring)
                                 (no ring)

@: confused
A: almost no armour, amphibious, 8 rings, camouflage 1, gelatinous body 1,
(nimble swimmer 1), tentacles
a: no special abilities


You were on level 3 of the Dungeon.
You visited 1 branch of the dungeon, and saw 3 of its levels.

You collected 48 gold pieces.

Inventory:

Hand Weapons
 g - a +4 dagger of draining (weapon)
Jewellery
 e - an amulet of faith
Scrolls
 b - 3 scrolls of identify {unknown}
 c - a scroll of teleportation {unknown}
 d - a scroll of fear {unknown}
 f - a scroll of vulnerability {unknown}
Potions
 a - a potion of magic
 h - a potion of brilliance {unknown}
 i - a potion of ambrosia {unknown}


   Skills:
 + Level 2.8 Dodging
 + Level 4.1 Stealth
 + Level 2.7 Spellcasting
 + Level 4.5 Conjurations


You had 5 spell levels left.
You knew the following spells:

 Your Spells              Type           Power      Damage    Failure   Level
a - Magic Dart            Conj           88%        1d7       1%          1
b - Searing Ray           Conj           44%        2d6       3%          2

Your spell library contained the following spells:

 Spells                   Type           Power      Damage    Failure   Level
 Dazzling Flash           Conj/Hex       24%        N/A       16%         3
 Fulminant Prism          Conj/Hex       6%         3d6       45%         4
 Iskenderun's Mystic Bla  Conj/Tloc      12%        2d5       45%         4


Dungeon Overview and Level Annotations

Branches:
Dungeon (3/15)

Altars:


Innate Abilities, Weirdness & Mutations

You cannot wear most types of armour.
You are amphibious.
You can wear up to eight rings at the same time.
Your skin changes colour to match your surroundings (Stealth+).
Your rubbery body absorbs attacks. (AC +1, EV +1)
((You are camouflaged when in or above water. (Stealth+)))
You have tentacles for arms and can constrict up to eight enemies at once.


Message History

The orc wizard is heavily wounded.
The searing ray hits the frilled lizard!
You kill the frilled lizard!
The searing ray hits the orc.
The orc is severely wounded.
The searing ray hits the orc.
You kill the orc!
The searing ray hits the orc!
You kill the orc!
The orc wizard hits you but does no damage.
The searing ray hits the orc.
The orc is almost dead.
You finish channelling your searing ray.
The orc wizard hits you with a +0 dagger.
A kobold comes into view. It is wielding a +0 dagger.
You hit the orc.
You kill the orc!
The orc wizard hits you with a +0 dagger.
You closely miss the orc wizard. Your grab misses the orc wizard.
The orc wizard is heavily wounded.
The orc wizard hits you with a +0 dagger.
You hit the orc wizard. You drain the orc wizard.
Your grab misses the orc wizard.
The orc wizard is severely wounded.
The orc wizard casts a spell.
The orc wizard flickers and vanishes!
Deactivating autopickup; reactivate with Ctrl-A.
You miss something.
You hear some strange, mumbled words.
A magic dart appears from out of thin air!
The magic dart hits you!
You hit something but do no damage.
You hear some strange, mumbled words.
You are confused.
You bump into the rock wall.
Something hits you.
You miss the kobold.
You hear some strange, mumbled words.
A puff of flame appears from out of thin air!
The puff of flame hits you!
You die...

######### #........
........# ......>.#
.......+ .....#
#####..#####.#
######...@K).)....#
#........{##........
#.........###.......
##.........# #......
###..<#+#'####
...... #....##.#.#
...... #.#.....#.#
..... #.......#.#
###+# #.......'.#


You could see a kobold.

Vanquished Creatures
  An orc wizard (D:3)
  A hound skeleton (D:2)
  3 orcs (D:3)
  2 endoplasms
  3 giant cockroaches (D:1)
  4 goblins
  9 hobgoblins
  4 jackals (D:2)
  A quokka (D:1)
  5 ball pythons
  A ball python skeleton (D:2)
  3 bats
  A frilled lizard (D:3)
  4 kobolds
  4 rats
46 creatures vanquished.

Notes
Turn   | Place    | Note
-------+----------+-------------------------------------------
     0 | D:1      | hikkokomori the Octopode Conjurer began the quest for the
                  | Orb.
     0 | D:1      | Reached XP level 1. HP: 11/11 MP: 3/3
   239 | D:1      | Reached XP level 2. HP: 6/17 MP: 0/5
   878 | D:1      | Found a faded altar of an unknown god.
  1051 | D:2      | Reached XP level 3. HP: 21/21 MP: 4/6
  1054 | D:2      | Learned a level 2 spell: Searing Ray
  1685 | D:3      | Reached XP level 4. HP: 27/27 MP: 7/7
  1730 | D:3      | Killed from afar by an orc wizard

Illustrated notes

Levels and vault maps discovered:
D:1:      tarquinn_simple_flora_water_c, layout_loops_cross,
          ebering_ecumenical_altar_webs
D:2:      layout_basic, basic_altar, serial_undead, serial_undead_a,
          serial_undead_e, serial_undead_b, serial_undead_b
D:3:      layout_basic, nicolae_overflow_crystal_walls, serial_shops, shop

Skill      XL: |  1  2  3  4 |
---------------+-------------+-----
Stealth        | 3 4 |  4.1
Dodging        | |  2.8
Spellcasting   | |  2.7
Conjurations   | |  4.5

Action                   |  1- 3 |  4- 6 || total
-------------------------+-------+-------++-------
Melee: Unarmed           |    26 |       ||    26
       Constrict         |     8 |     1 ||     9
       Tentacles         |     6 |     1 ||     7
       Dagger            |     7 |    11 ||    18
 Cast: Magic Dart        |    63 |       ||    63
       Searing Ray       |     1 |     2 ||     3
 Stab: Sleeping          |     1 |       ||     1
Armor: Skin              |     4 |     1 ||     5
Dodge: Dodged            |    25 |     5 ||    30

Table legend: (Time is in decaauts)
 A = Elapsed time spent in this place.
 B = Non-inter-level travel time spent in this place.
 C = Inter-level travel time spent in this place.
 D = Time resting spent in this place.
 E = Time spent auto-exploring this place.
 F = Levels seen in this place.
 G = Mean time per level.
                   A        B        C        D        E       F      G
               +--------+--------+--------+--------+--------+-----+--------+
         Total |   1729 |   1696 |     33 |     87 |   1349 |   3 |  576.3 |
       Dungeon |   1729 |   1696 |     33 |     87 |   1349 |   3 |  576.3 |
               +--------+--------+--------+--------+--------+-----+--------+

Top non-repeatable levels by time:
     D:1: 1024 daAuts
     D:2: 653 daAuts
     D:3: 51 daAuts
